 Dungeon Crawl Stone Soup version 0.30.1 (webtiles) character file.

Game seed: 14599028928140603487

415 Peloso the Slasher (level 6, -4/56 HPs)
             Began as a Minotaur Fighter on July 2, 2023.
             Slain by a gnoll bouda
             ... wielding a +0 whip of electrocution
              (12 damage)
             ... on level 5 of the Dungeon.
             The game lasted 00:05:56 (3562 turns).

Peloso the Slasher (Minotaur Fighter)               Turns: 3562, Time: 00:05:59

Health: -4/56      AC: 14    Str: 21    XL:     6   Next: 60%
Magic:  5/5        EV:  9    Int:  5    God:
Gold:   235        SH:  5    Dex: 11    Spells: 5/5 levels left

rFire   . . .        a - +2 falchion (flame)
rCold   + . .        c - +0 buckler
rNeg    . . .        m - +4 scale mail of Courage {rPois rC+ Will+}
rPois   +            (helmet restricted)
rElec   .            (no cloak)
rCorr   .            (no gloves)
SInv    .            g - +2 pair of boots
Will    +....        p - amulet of regeneration Stlth
                     (no ring)
HPRegen 1.09/turn    (no ring)
MPRegen 0.09/turn

%: no passive effects
@: weakened
A: horns 2, retaliatory headbutt
a: no special abilities


You were on level 5 of the Dungeon.
You visited 1 branch of the dungeon, and saw 5 of its levels.

You collected 235 gold pieces.

Inventory:

Hand Weapons
 a - a +2 falchion of flaming (weapon)
 b - a +0 long sword
Missiles
 i - a throwing net (quivered)
Armour
 c - a +0 buckler (worn)
 g - a +2 pair of boots (worn)
 m - the +4 scale mail of Courage (worn) {rPois rC+ Will+}
   (You found it on level 2 of the Dungeon)

   rC:        It protects you from cold.
   rPois:     It protects you from poison.
   Will:      It increases your willpower.
Jewellery
 p - an amulet of regeneration (around neck)
Wands
 l - a wand of flame (13)
 r - a wand of charming (6)
Scrolls
 e - a scroll of immolation {unknown}
 f - 2 scrolls of teleportation
 h - 2 scrolls of enchant armour
 o - a scroll of fog {unknown}
 q - a scroll of amnesia {unknown}
 t - a scroll of blinking {unknown}
 u - a scroll of poison {unknown}
 v - a scroll of noise {unknown}
 w - a scroll of identify
Potions
 d - a potion of might
 j - 3 potions of invisibility
 k - a potion of brilliance
 n - a potion of magic
 s - a potion of curing


   Skills:
 + Level 5.0 Fighting
 + Level 5.8 Long Blades
 + Level 5.4 Armour
 + Level 1.0 Dodging
 + Level 0.2 Stealth
 + Level 4.6 Shields


You had 5 spell levels left.
You didn't know any spells.
Your spell library contained the following spells:

 Spells                   Type           Power      Damage    Failure   Level
 Sting                    Tmut/Pois      0%         1d3       86%         1
 Lesser Beckoning         Tloc           0%         N/A       94%         2
 Gell's Gravitas          Tloc           0%         N/A       99%         3
 Teleport Other           Tloc           0%         N/A       99%         3
 Simulacrum               Ice/Necr       0%         N/A       100%        6
 Ozocubu's Refrigeration  Ice            0%         4d7       100%        7
 Infestation              Necr           0%         N/A       100%        8
 Polar Vortex             Ice            0%         N/A       100%        9


Dungeon Overview and Level Annotations

Branches:
Dungeon (5/15)
 Temple: D:4-7

Altars:
Ashenzari
Cheibriados
Kikubaaqudgha
Nemelex Xobeh

Shops:
D:5 [

Annotations:
D:3 1 runed translucent door, Crazy Yiuf


Innate Abilities, Weirdness & Mutations

You have a pair of horns on your head.
You reflexively headbutt those who attack you in melee.


Message History

A jackal comes into view.
The jackal barks!
An orc comes into view. It is wielding a +0 club.
Found a scroll labelled INAGIR DENILO.
You barely miss the jackal. Your headbutt misses the jackal.
The jackal bites you but does no damage.
The gnoll bouda hits you with a +0 whip of electrocution.
You are electrocuted!!
You block the jackal's attack.
You closely miss the jackal.
The gnoll bouda hits you with a +0 whip of electrocution.
You are electrocuted!!
The jackal completely misses you. You furiously retaliate!
You headbutt the jackal!
You kill the jackal!
The gnoll bouda hits you with a +0 whip of electrocution.
* * * LOW HITPOINT WARNING * * *
You are electrocuted!
* * * LOW HITPOINT WARNING * * *
The orc hits you but does no damage.
You feel better.
The gnoll bouda hits you with a +0 whip of electrocution.
* * * LOW HITPOINT WARNING * * *
The orc barely misses you.
You hit the orc. You burn the orc.
The orc is heavily wounded.
You block the orc's attack.
The gnoll bouda hits you with a +0 whip of electrocution.
* * * LOW HITPOINT WARNING * * *
Unknown command.
You slash the orc! You burn the orc.
You kill the orc!
The gnoll bouda hits you with a +0 whip of electrocution!
* * * LOW HITPOINT WARNING * * *
Unknown command.
You feel better.
The gnoll bouda gazes fiercely through you!
You feel your attacks grow feeble.
The gnoll bouda hits you with a +0 whip of electrocution.
* * * LOW HITPOINT WARNING * * *
You are electrocuted!
You die...

#.....#...##
...........
.....?..... ... #.#
.........#
#..##...#.......# ..
##......##.......##
..##.................#
...[......##g@..#
#...........).##
#...........##
+...........##
+....(†......# #
+....)).##....# .#
##...............
..###)................
......).....#.........


You could see a gnoll bouda.

Vanquished Creatures
  A phantom (D:4)
  2 jellies
  A hound (D:5)
  An iguana (D:4)
  Terence (D:3)
  10 gnolls
  4 adders (D:3)
  A worm (D:5)
  2 dart slugs
  4 orcs
  2 bats (D:1)
  5 endoplasms
  5 giant cockroaches
  3 goblins (D:1)
  6 hobgoblins
  4 jackals
  2 kobolds
  4 quokkas
  6 ball pythons
  4 frilled lizards
  4 rats
72 creatures vanquished.

Notes
Turn   | Place    | Note
-------+----------+-------------------------------------------
     0 | D:1      | Peloso the Minotaur Fighter began the quest for the Orb.
     0 | D:1      | Reached XP level 1. HP: 19/19 MP: 0/0
   144 | D:1      | Reached XP level 2. HP: 26/27 MP: 1/1
   150 | D:1      | Found a faded altar of an unknown god.
   442 | D:1      | Reached XP level 3. HP: 31/33 MP: 2/2
  1392 | D:2      | Identified the +4 scale mail of Courage {rPois rC+ Will+}
  1778 | D:3      | Reached XP level 4. HP: 40/40 MP: 3/3
  1820 | D:3      | Found an ancient bone altar of Kikubaaqudgha.
  1821 | D:3      | Found a broken altar of Ashenzari.
  2119 | D:3      | Noticed Terence
  2132 | D:3      | Killed Terence
  2196 | D:3      | Reached XP level 5. HP: 35/47 MP: 4/4
  2681 | D:3      | Found a runed translucent door.
  2682 | D:3      | Noticed Crazy Yiuf
  2746 | D:4      | Got the Incunable of the Posthumous Tincture
  2774 | D:4      | Reached skill level 5 in Armour
  3129 | D:4      | Found a snail-covered altar of Cheibriados.
  3193 | D:4      | Found a sparkling altar of Nemelex Xobeh.
  3354 | D:4      | Noticed a phantom
  3365 | D:4      | Killed a phantom
  3366 | D:4      | Reached skill level 5 in Long Blades
  3366 | D:4      | Reached XP level 6. HP: 55/55 MP: 5/5
  3419 | D:5      | Entered Level 5 of the Dungeon
  3474 | D:5      | Found Afyitza's Antique Armour Shoppe.
  3525 | D:5      | Reached skill level 5 in Fighting
  3550 | D:5      | Reached skill level 1 in Dodging
  3561 | D:5      | HP: 2/56 [gnoll bouda/+0 whip of electrocution (7)]
  3562 | D:5      | Slain by a gnoll bouda

Illustrated notes

Levels and vault maps discovered:
D:1:      pf_arrival_petrified_forest, layout_loops_ring,
          dreamdust_ecumenical_altar_hidden_monk_grotto
D:2:      layout_loops_corners, lemuel_flame_loot_1
D:3:      layout_basic, mainiacjoe_overflow_divided_tiny, uniq_terence,
          uniq_crazy_yiuf_cottage
D:4:      layout_basic, nicolae_overflow_hidden_temple,
          mainiacjoe_overflow_alcove_4, dk_vineyard_1, grunt_decor_resistance,
          kennysheep_decorative_pillar
D:5:      layout_cave_pools, gammafunk_temple_overflow_statue,
          minmay_temple_entry_metal_lava, serial_gnoll_camp,
          gnoll_camp_mini_hut, gnoll_camp_mini_loothouse, gnoll_camp_huts_basic,
          gnoll_camp_medium_02, gnoll_camp_mini_shop, serial_bayou_lagoon_a,
          uniq_ijyb

Skill      XL: |  1  2  3  4  5  6 |
---------------+-------------------+-----
Armour         | 4 5 |  5.4
Shields        | 4 |  4.6
Long Blades    | 3 4 5 |  5.8
Fighting       | 4 5 |  5.0
Dodging        | 1 |  1.0
Stealth        | |  0.2

Action                     |  1- 3 |  4- 6 || total
---------------------------+-------+-------++-------
  Melee: Long sword        |    78 |    21 ||    99
         Headbutt          |    12 |    19 ||    31
         Falchion          |       |    95 ||    95
    Use: Potion            |     2 |     2 ||     4
         Scroll            |     4 |     4 ||     8
 Armour: Scale mail        |    35 |    58 ||    93
  Dodge: Dodged            |    26 |    62 ||    88
  Block: Buckler           |    22 |    28 ||    50
